 Dungeon Crawl Stone Soup version 0.19.4-12-gccf7e64 (webtiles) character file.

641 muscothym the Shield-Bearer (level 7, 0/84 HPs)
             Began as a Deep Dwarf Fighter on Feb 26, 2017.
             Slain by a hippogriff (4 damage)
             ... on level 6 of the Dungeon.
             The game lasted 00:24:59 (3777 turns).

muscothym the Shield-Bearer (Deep Dwarf Fighter)    Turns: 3777, Time: 00:25:00

Health: 0/84       AC: 23    Str: 23    XL:     7   Next: 26%
Magic:  7/7        EV:  2    Int:  9    God:
Gold:   94         SH: 10    Dex: 12    Spells: 0 memorised, 6 levels left

rFire  . . .     SeeInvis .     B - +0 spear {Collar says: "Gavin".}
rCold  . . .     Gourm    .     (armour currently unavailable)
rNeg   + + +     Faith    .     c - +0 shield
rPois  +         Spirit   .     (helmet currently unavailable)
rElec  .         Reflect  .     (cloak currently unavailable)
rCorr  .         Harm     .     (gloves currently unavailable)
MR     +....     NoTele   +     (boots currently unavailable)
Stlth  +.........               o - amulet of magic regeneration
                                (no ring)
                                (no ring)

@: tree-form, non-regenerating
A: damage resistance, recharge devices, (large bone plates 0), frail 1, sense
surroundings 1, slow regeneration 3, strong 1
a: Device Recharging


You were on level 6 of the Dungeon.
You were not hungry.
You were a tree.
You visited 1 branch of the dungeon, and saw 6 of its levels.

You collected 149 gold pieces.
You spent 55 gold pieces at shops.

Inventory:

Hand Weapons
 a - a +0 flail
 h - a +0 dagger
 w - a +0 flail
 x - a +0 scythe
 B - a +0 spear (weapon) {Collar says: "Gavin".}
 C - a +0 giant club
 E - a +0 dagger
Missiles
 j - 56 stones (quivered)
 H - 14 sling bullets
Armour
 b - a +0 scale mail (melded)
 c - a +0 shield (worn)
 s - a +0 robe
 t - a cursed +0 scale mail
 v - a +0 leather armour
 y - a +0 robe
 A - a +0 leather armour
 D - a +0 ring mail
 F - a cursed +0 leather armour
Jewellery
 o - an amulet of magic regeneration (around neck)
Wands
 d - a wand of polymorph (7/24)
 e - a wand of heal wounds (0/9)
 p - a wand of slowing (6/48)
Scrolls
 i - a scroll of teleportation
 k - 2 scrolls of amnesia
 l - a scroll of magic mapping
 n - a scroll of identify
 q - 2 scrolls of remove curse
 r - a scroll of blinking
Potions
 u - a potion of agility
 z - 2 potions of curing
Comestibles
 f - 2 bread rations
 g - 2 royal jellies
 m - 4 meat rations


   Skills:
 + Level 3.8 Fighting
 + Level 4.1 Maces & Flails
 - Level 0.3 Throwing
 + Level 5.0 Armour
 - Level 2.1 Dodging
 + Level 6.1 Shields


You had 6 spell levels left.
You didn't know any spells.

Dungeon Overview and Level Annotations

Branches:
Dungeon (6/15)
 Temple: D:4-7

Altars:
Cheibriados

Shops:
D:5 [   D:6 %


Innate Abilities, Weirdness & Mutations

You are resistant to damage.
You can recharge devices by infusing magical energy.
You passively map a small area around you.
You do not regenerate.
((You are partially covered in large bone plates. (SH +4)))
You are frail. (-10% HP)
Your muscles are strong. (Str +2)


Message History

Your shield prevents you from hitting the hippogriff.
The hippogriff is moderately wounded.
The hippogriff bites you but does no damage.
The hippogriff pecks you but does no damage.
The hippogriff claws you but does no damage.
You hit the hippogriff but do no damage.
The hippogriff is moderately wounded.
You block the hippogriff's attack.
The hippogriff pecks you but does no damage.
The hippogriff claws you but does no damage.
You hit the hippogriff but do no damage.
The hippogriff is moderately wounded.
You block the hippogriff's attack. x3
The hippogriff bites you but does no damage.
The hippogriff pecks you but does no damage.
You block the hippogriff's attack.
You hit the hippogriff.
The hippogriff is moderately wounded.
The hippogriff bites you!
You die...

* * ###
,([#
*#.#
#H# *
#♣# #.#
#.# * *
#.#####
, *
#.....#
*
#####.#
#.# #.#
,* #.#
#.# <
#.# #.#


You could see a hippogriff.

Vanquished Creatures
  Sigmund (D:3)
  Duvessa (D:5)
  An ogre (D:4)
  Dowan (D:5)
  An iron imp (D:5)
  2 worker ants
  Natasha (D:3)
  A hound skeleton (D:5)
  6 adders
  A shadow imp (D:5)
  2 oozes (D:3)
  2 dart slugs
  A worm (D:2)
  5 orcs
  5 giant cockroaches
  3 goblins (D:1)
  3 hobgoblins
  6 jackals
  4 quokkas
  10 bats
  2 frilled lizards
  7 kobolds
  A leopard gecko skeleton (D:5)
  A quokka skeleton (D:4)
  12 rats
80 creatures vanquished.

Notes
Turn   | Place    | Note
-------+----------+-------------------------------------------
     0 | D:1      | muscothym the Deep Dwarf Fighter began the quest for the Orb.
     0 | D:1      | Reached XP level 1. HP: 20/20 MP: 1/1
   226 | D:1      | Reached XP level 2. HP: 13/27 MP: 2/2
   858 | D:2      | Reached XP level 3. HP: 14/33 MP: 3/3
   862 | D:2      | Reached skill level 1 in Dodging
  1088 | D:2      | Reached skill level 4 in Shields
  1243 | D:2      | Reached XP level 4. HP: 42/42 MP: 4/4
  1355 | D:2      | Gained mutation: You are frail. (-10% HP) [potion of mutation]
  1355 | D:2      | Gained mutation: Your muscles are strong. (Str +2) [potion of mutation]
  1355 | D:2      | Gained mutation: You are partially covered in large bone plates. (SH +4) [potion of mutation]
  1523 | D:3      | Noticed Sigmund
  1527 | D:3      | Killed Sigmund
  1527 | D:3      | Reached skill level 5 in Shields
  1527 | D:3      | Reached XP level 5. HP: 40/44 MP: 5/5
  1827 | D:3      | Found a snail-covered altar of Cheibriados.
  2068 | D:3      | Noticed Natasha
  2088 | D:3      | Killed Natasha
  2088 | D:3      | Reached XP level 6. HP: 38/50 MP: 6/6
  2140 | D:3      | Noticed Natasha
  2151 | D:3      | Noticed Natasha
  2151 | D:3      | Natasha changed into Natasha the ooze
  2162 | D:3      | Killed Natasha the ooze
  2539 | D:5      | Entered Level 5 of the Dungeon
  2960 | D:5      | Noticed Dowan
  2963 | D:5      | Noticed Duvessa
  2976 | D:5      | Killed Dowan
  3050 | D:5      | Killed Duvessa
  3050 | D:5      | Reached skill level 6 in Shields
  3050 | D:5      | Reached XP level 7. HP: 38/56 MP: 7/7
  3092 | D:5      | Found Biylykau's Armour Shoppe.
  3562 | D:6      | Reached skill level 5 in Armour
  3704 | D:6      | Found Ococuqen's Food Emporium.
  3720 | D:6      | Bought a bread ration for 55 gold pieces
  3754 | D:6      | Noticed a hippogriff
  3777 | D:6      | Slain by a hippogriff

Skill      XL: |  1  2  3  4  5  6  7 |
---------------+----------------------+-----
Dodging        | 1 2 |  2.1
Fighting       | 3 |  3.8
Shields        | 4 5 6 |  6.1
Maces & Flails | 3 4 |  4.1
Armour         | 4 5 |  5.0
Throwing       | |  0.3

Action                   |  1- 3 |  4- 6 |  7- 9 || total
-------------------------+-------+-------+-------++-------
Melee: Flail             |   141 |    61 |       ||   202
       Spear             |       |   183 |   123 ||   306
Throw: Stone             |     9 |    18 |       ||    27
Evoke: Wand              |     4 |     6 |     1 ||    11
  Use: Potion            |     2 |     4 |     2 ||     8
       Scroll            |       |     8 |     3 ||    11
  Eat: Bread ration      |     1 |     1 |     1 ||     3
Armor: Scale mail        |   179 |   145 |    26 ||   350
       Skin              |       |       |    19 ||    19
Dodge: Dodged            |   117 |   125 |    22 ||   264
Block: Shield            |   192 |   344 |    91 ||   627
